 Dungeon Crawl Stone Soup version 0.28.0-53-g5a82cb258f (webtiles) character file.

Game seed: 3977320980281671145

1975 SoupLadl the Skirmisher (level 9, -20/74 (75) HPs)
             Began as a Grey Draconian Berserker on July 22, 2022.
             Was an Elder of Trog.
             Killed from afar by Maggie (21 damage)
             ... with a bolt of fire
             ... on level 7 of the Dungeon.
             The game lasted 00:41:03 (6019 turns).

SoupLadl the Skirmisher (Grey Draconian Berserker)  Turns: 6019, Time: 00:41:04

HP:   -20/74 (75)   AC: 12    Str: 24    XL:     9   Next: 0%
MP:   9/9           EV: 13    Int:  7    God:    Trog [****..]
Gold: 196           SH:  0    Dex: 11    Spells: 8/8 levels left

rFire   x . .      SeeInvis +   x - +7 long sword of the Middle {speed, rElec rPois rF- SInv}
rCold   . . .      Faith    .   (no shield)
rNeg    . . .      Spirit   .   (armour unavailable)
rPois   +          Reflect  .   (helmet restricted)
rElec   +          Harm     .   (no cloak)
rCorr   .          Rampage  .   (no gloves)
Will    .....                   (no boots)
Stlth   ++........              (no amulet)
HPRegen 0.22/turn               (no ring)
MPRegen 0.11/turn               (no ring)

@: mesmerised, lightly drained
A: AC +12, amphibious, unfitting armour, cold-blooded
a: Renounce Religion, Berserk, Trog's Hand, Brothers in Arms


You were on level 7 of the Dungeon.
You worshipped Trog.
Trog was greatly pleased with you.
You visited 1 branch of the dungeon, and saw 7 of its levels.

You collected 248 gold pieces.
You spent 52 gold pieces at shops.

Inventory:

Hand Weapons
 d - a +2 short sword of flaming
 v - a +2 short sword of freezing
 x - the +7 long sword of the Middle (weapon) {speed, rElec rPois rF- SInv}
   (You found it on level 6 of the Dungeon)

   Attacks with this weapon are significantly faster.
   rF:        It makes you vulnerable to fire.
   rElec:     It insulates you from electricity.
   rPois:     It protects you from poison.
   SInv:      It lets you see invisible.
Jewellery
 w - a ring of ice
Scrolls
 a - a scroll of summoning
 c - 2 scrolls of silence
 f - 4 scrolls of teleportation
 g - 2 scrolls of enchant weapon
 i - 2 scrolls of immolation
 k - a scroll of enchant armour
 p - 2 scrolls of fog
 r - a scroll of holy word
 s - 2 scrolls of identify
Potions
 e - a potion of might {unknown}
 h - 2 potions of curing {unknown}
 j - a potion of attraction
 l - a potion of haste
 m - a potion of lignification {unknown}
 q - a potion of brilliance {unknown}
 u - a potion of berserk rage {unknown}


   Skills:
 + Level 5.8 Fighting
 + Level 2.7(4.2) Short Blades
 + Level 5.1(5.4) Long Blades
 + Level 5.1(5.8) Axes
 + Level 4.0(5.2) Maces & Flails
 + Level 5.8 Dodging
 + Level 3.1 Stealth


You had 8 spell levels left.
You didn't know any spells.
Your spell library contained the following spells:

 Spells                   Type           Power      Damage    Failure   Level
 Sandblast                Erth           0%         2d4       43%         1
 Leda's Liquefaction      Hex/Erth       0%         N/A       99%         4
 Petrify                  Tmut/Erth      0%         N/A       99%         4
 Lee's Rapid Deconstruct  Erth           0%         3d5*      100%        5
 Simulacrum               Ice/Necr       0%         N/A       100%        6
 Statue Form              Tmut/Erth      0%         N/A       100%        6
 Death's Door             Necr           0%         N/A       100%        9


Dungeon Overview and Level Annotations

Branches:
Dungeon (7/15)             Temple (0/1) D:7

Altars:
Hepliaklqana
Qazlal
Ru
Vehumet
Xom
Zin

Shops:
D:3 ?   D:6 (

Annotations:
D:5 Grinder
D:7 Maggie


Innate Abilities, Weirdness & Mutations

Your dull iron-grey scales are very hard. (AC +12)
You are amphibious.
You cannot fit into any form of body armour.
You are cold-blooded and may be slowed by cold attacks.


Message History

You closely miss Maggie.
Maggie is moderately wounded.
The iguana bites you but does no damage.
Maggie says, "Leave now, and tell all of Margery's mercy!"
Maggie hits you with a +1 halberd of flaming!
Maggie burns you.
You hit Maggie.
Maggie is moderately wounded.
The iguana bites you but does no damage.
Maggie points at you and mumbles some strange words.
The bolt of fire misses you.
You closely miss Maggie. You tail-slap Maggie, but do no damage.
Maggie is moderately wounded.
You hit Maggie.
Maggie is heavily wounded.
The iguana bites you!
Maggie zaps a wand.
You easily resist.
You slice Maggie!!
Maggie is severely wounded.
The iguana closely misses you.
Maggie mumbles some strange words.
Maggie draws you further into her thrall.
You hit Maggie but do no damage.
Maggie is severely wounded.
Maggie barely misses you. The iguana closely misses you.
You hit Maggie.
Maggie is severely wounded.
You completely miss Maggie.
Maggie is severely wounded.
The iguana bites you but does no damage.
Maggie gestures at you while chanting. The bolt of fire hits you!!
The fire burns you terribly!
* * * LOW HITPOINT WARNING * * *
Okay, then.
You hit Maggie.
Maggie is almost dead.
The iguana bites you!
* * * LOW HITPOINT WARNING * * *
Maggie points at you and mumbles some strange words.
The bolt of fire hits you!! The fire burns you terribly!
You die...

....#..⌠...⌠..##
....#.........###
.........>......#
....#.........#.####
....#..⌠...⌠..#....#
............)......#
(...#.........#....#
...##.##.##.##[.l.#
.. #. #.......@..#
#. ........@..#
#############


You could see Maggie (mesmerising) and an iguana.

Vanquished Creatures
  Joseph (D:7)
  Eustachio (D:5)
  2 necrophages
  An ogre (D:4)
  A phantom (D:6)
  A centaur (D:7)
  A kobold brigand (D:6)
  A scorpion (D:5)
  A water moccasin zombie (D:5)
  5 wights (D:7)
  2 hounds
  A bullfrog zombie (D:5)
  4 orc priests
  5 jellies
  2 centaur skeletons
  An iguana (D:5)
  2 orc wizards (D:7)
  A hound skeleton (D:5)
  7 adders
  2 white imps
  3 ufetubi
  A worm (D:2)
  2 dart slugs
  33 orcs
  10 ball pythons
  6 bats
  5 endoplasms
  5 giant cockroaches
  4 hobgoblins
  3 jackals (D:4)
  15 kobolds
  2 quokkas
  4 frilled lizards
  8 rats
143 creatures vanquished.

Notes
Turn   | Place    | Note
-------+----------+-------------------------------------------
     0 | D:1      | SoupLadl the Draconian Berserker began the quest for the
                  | Orb.
     0 | D:1      | Reached XP level 1. HP: 19/19 MP: 1/1
   385 | D:1      | Reached XP level 2. HP: 6/26 MP: 2/2
   939 | D:2      | Reached ** piety under Trog
  1190 | D:2      | Reached XP level 3. HP: 24/31 MP: 3/3
  1621 | D:3      | Reached XP level 4. HP: 31/40 MP: 4/4
  1890 | D:3      | Found Simupase's Magic Scroll Emporium.
  1951 | D:3      | Reached skill level 1 in Stealth
  1961 | D:3      | Reached skill level 1 in Short Blades
  2144 | D:3      | Reached XP level 5. HP: 13/46 MP: 5/5
  2610 | D:4      | Noticed an ogre
  2636 | D:4      | Killed an ogre
  2899 | D:4      | Reached XP level 6. HP: 53/53 MP: 6/6
  2900 | D:4      | Reached skill level 1 in Axes
  3199 | D:3      | Reached *** piety under Trog
  3455 | D:3      | Bought a scroll of identify for 26 gold pieces
  3455 | D:3      | Bought a scroll of identify for 26 gold pieces
  3615 | D:5      | Entered Level 5 of the Dungeon
  3615 | D:5      | Noticed Eustachio
  3631 | D:5      | Killed Eustachio
  3632 | D:5      | Your scales start taking on a dull iron-grey colour.
  3632 | D:5      | Reached XP level 7. HP: 28/60 MP: 7/7
  3865 | D:5      | Found a radiant altar of Vehumet.
  4181 | D:5      | Reached skill level 5 in Fighting
  4518 | D:5      | Found a stormy altar of Qazlal.
  4568 | D:5      | Noticed Grinder
  4612 | D:6      | Reached skill level 5 in Dodging
  4622 | D:6      | Identified the +7 long sword of the Middle {speed, rElec
                  | rPois rF- SInv}
  4666 | D:6      | Reached XP level 8. HP: 68/68 MP: 8/8
  4743 | D:6      | Found a hazy altar of Hepliaklqana.
  4748 | D:6      | Reached skill level 1 in Long Blades
  4853 | D:6      | Reached **** piety under Trog
  4924 | D:6      | Found Fibed's Weapon Emporium.
  4993 | D:7      | Noticed Joseph
  5388 | D:7      | Killed Joseph
  5389 | D:7      | Reached skill level 5 in Axes
  5672 | D:7      | Found a shimmering altar of Xom.
  5729 | D:7      | Found a glowing silver altar of Zin.
  5731 | D:7      | Got the Disquisition on the Unholy Mountains
  5780 | D:7      | Found a sacrificial altar of Ru.
  5847 | D:7      | Found a staircase to the Ecumenical Temple.
  5955 | D:7      | Reached skill level 5 in Long Blades
  5977 | D:7      | Reached XP level 9. HP: 56/74 MP: 9/9
  6005 | D:7      | Noticed Maggie
  6019 | D:7      | HP: 1/74 [iguana (7)]
  6019 | D:7      | Killed from afar by Maggie

Illustrated notes

Levels and vault maps discovered:
D:1:      minmay_arrival_semitransparent, layout_basic
D:2:      layout_basic
D:3:      layout_basic, serial_shops, shop_fountains,
          hellmonk_ecumenical_altar_heavens_door, minmay_snake_closets
D:4:      wander_river, layout_cave_pools, serial_park_tiny_pond
D:5:      layout_cave_pools, hangedman_feature_mirror, uniq_eustachio,
          uniq_grinder
D:6:      layout_basic, mainiacjoe_overflow_six_doors_small, serial_shops,
          nicolae_lakefront_shop
D:7:      layout_rooms, general_overflow_altar, bloody_makhleb, zin_academy,
          mainiacjoe_overflow_24_doors, lemuel_blue_sif_altar,
          minmay_temple_entry_large_hall, gammafunk_ghost_icy, uniq_joseph,
          uniq_maggie

Skill      XL: |  1  2  3  4  5  6  7  8 |
---------------+-------------------------+-----
Dodging        | 3 4 5 |  5.8
Maces & Flails | 4 |  4.0
Stealth        | 1 2 3 |  3.1
Short Blades   | 1 2 |  2.7
Fighting       | 4 5 |  5.8
Axes           | 3 4 5 |  5.1
Long Blades    | 5 |  5.1

Action                   |  1- 3 |  4- 6 |  7- 9 || total
-------------------------+-------+-------+-------++-------
Melee: Mace              |    39 |       |       ||    39
       Tailslap          |    12 |    10 |    29 ||    51
       Short sword       |    55 |    52 |     3 ||   110
       Punch             |       |     1 |     1 ||     2
       War axe           |       |    63 |    59 ||   122
       Rapier            |       |       |    55 ||    55
       Long sword        |       |       |   118 ||   118
Invok: Berserk           |       |     4 |     2 ||     6
  Use: Scroll            |       |     7 |     4 ||    11
       Potion            |       |       |     3 ||     3
 Stab: Sleeping          |     2 |     2 |     3 ||     7
Armor: Skin              |    41 |    41 |   103 ||   185
Dodge: Dodged            |    66 |   106 |   163 ||   335
